 Dungeon Crawl Stone Soup version 0.25-a0-10-g2fe12d4386 (webtiles) character file.

Game seed: 670313731470907206, levelgen mode: deterministic

408 Chiseanne the Magician (level 6, 0/46 HPs)
             Began as a Demonspawn Wizard on Oct 15, 2019.
             Was an Initiate of Sif Muna.
             Slain by a worker ant (7 damage)
             ... on level 5 of the Dungeon.
             The game lasted 00:08:56 (4870 turns).

Chiseanne the Magician (Demonspawn Wizard)          Turns: 4870, Time: 00:08:57

Health: 0/46       AC:  6    Str:  8    XL:     6   Next: 57%
Magic:  11/11      EV: 11    Int: 18    God:    Sif Muna [......]
Gold:   224        SH:  0    Dex: 12    Spells: 11/12 levels left

rFire    . . .     SeeInvis .   m - +0 rapier
rCold    . . .     Gourm    .   (no shield)
rNeg     . . .     Faith    .   o - +0 ring mail
rPois    .         Spirit   .   b - +0 hat
rElec    .         Reflect  .   (no cloak)
rCorr    .         Harm     .   (no gloves)
MR       .....                  a - +0 pair of boots
Stlth    +.........             (no amulet)
HPRegen  0.15/turn              (no ring)
MPRegen  0.12/turn              (no ring)

@: lethally poisoned (0 -> -3)
A: claws 2, talons 1, dopey 1, spiny 1
a: Renounce Religion


You were on level 5 of the Dungeon.
You worshipped Sif Muna.
Sif Muna was noncommittal.
You were not hungry.

You visited 1 branch of the dungeon, and saw 5 of its levels.

You collected 224 gold pieces.

Inventory:

Hand Weapons
 m - a +0 rapier (weapon)
Missiles
 e - 103 stones
 f - 5 javelins
 g - 4 atropa-tipped darts
 i - 19 poisoned darts (quivered)
 k - 28 sling bullets
 l - 8 bolts
 n - 22 arrows
 q - 2 boomerangs
Armour
 a - a +0 pair of boots (worn)
 b - a +0 hat (worn)
 o - a +0 ring mail (worn)
Scrolls
 c - 5 scrolls of identify
 h - 4 scrolls of remove curse
Comestibles
 d - 4 rations


   Skills:
 * Level 2.8 Fighting
 * Level 2.3 Short Blades
 * Level 2.3 Armour
 * Level 3.2 Dodging
 - Level 1.7 Stealth
 - Level 3.6 Spellcasting
 - Level 2.3 Conjurations
   Level 1.0 Summonings
   Level 0.8 Translocations


You had 11 spell levels left.
You knew the following spells:

 Your Spells              Type           Power        Failure   Level  Hunger
a - Magic Dart            Conj           ##..         19%         1    None

Your spell library contained the following spells:

 Spells                   Type           Power        Failure   Level  Hunger
 Corona                   Hex            #......      43%         1    None
 Blink                    Tloc           N/A          43%         2    ##.....
 Call Imp                 Summ           #.......     43%         2    ##.....
 Ensorcelled Hibernation  Hex/Ice        #.....       56%         2    ##.....
 Slow                     Hex            #.......     56%         2    ##.....
 Conjure Flame            Conj/Fire      #.......     65%         3    ###....
 Dazzling Spray           Conj/Hex       #.....       65%         3    ###....
 Mephitic Cloud           Conj/Pois/Air  #.......     69%         3    ###....
 Confuse                  Hex            #.......     80%         3    ###....
 Tukima's Dance           Hex            #.......     80%         3    ###....


Dungeon Overview and Level Annotations

Branches:
Dungeon (5/15)             Temple (0/1) D:4

Altars:
Sif Muna

Annotations:
D:2 Sigmund


Innate Abilities, Weirdness & Mutations

You have very sharp fingernails.
You are partially covered in sharp spines.
You have sharp toenails.
You are dopey. (Int -2)


Message History

The worker ant bites you but does no damage.
There is a stone staircase leading down here.
The worker ant waves its antennae.
The worker ant closely misses you. The worker ant bites you.
* * * LOW HITPOINT WARNING * * *
You are poisoned.
The worker ant poisons you!
You climb downwards.
An orc wizard comes into view. It is wielding a +0 dagger.
You feel sick.
The orc wizard shouts!
You hear a shout!
There is a stone staircase leading up here.
You feel sick.
As you read the scroll labeled JAIBYGGAONT, it crumbles to dust.
The scroll dissolves into smoke.
It was a scroll of fog.
The worker ant closely misses you.
An orc comes into view. It is wielding a +0 flail of draining.
The orc shouts!
The worker ant bites you!
You die...

### ..# ..#
##.###### #
#.......#o#
#§.§..o...
#§@####.##
#####§a#.....###
.....§§§§§.......
#################


You could see a worker ant, an orc wizard and an orc.

Vanquished Creatures
  2 scorpions (D:4)
  An orc priest (D:4)
  A hound (D:4)
  3 orc wizards
  A worker ant (D:4)
  2 gnolls (D:3)
  3 adders
  2 worms
  3 dart slugs
  11 orcs
  5 bats
  4 giant cockroaches
  8 goblins
  6 hobgoblins
  4 quokkas (D:3)
  2 ball pythons (D:3)
  5 frilled lizards
  7 kobolds
  A quokka skeleton (D:4)
  10 rats
81 creatures vanquished.

Notes
Turn   | Place    | Note
-------+----------+-------------------------------------------
     0 | D:1      | Chiseanne the Demonspawn Wizard began the quest for the
                  | Orb.
     0 | D:1      | Reached XP level 1. HP: 13/13 MP: 4/4
   406 | D:1      | Gained mutation: You are partially covered in sharp spines.
                  | [demonic ancestry]
   406 | D:1      | Reached XP level 2. HP: 19/19 MP: 1/6
  1153 | D:2      | Gained mutation: You have sharp fingernails. [demonic
                  | ancestry]
  1153 | D:2      | Reached XP level 3. HP: 24/24 MP: 4/8
  1281 | D:2      | Noticed Sigmund
  2001 | D:2      | Gained mutation: You are dopey. (Int -2) [potion of
                  | mutation]
  2001 | D:2      | Gained mutation: You have sharp toenails. [potion of
                  | mutation]
  2012 | D:2      | HP: 1/25 [something/puff of flame (5)]
  2399 | D:3      | Reached skill level 1 in Fighting
  2468 | D:3      | Reached XP level 4. HP: 15/32 MP: 2/9
  2713 | D:3      | Reached skill level 1 in Armour
  2720 | D:3      | Reached skill level 1 in Short Blades
  3183 | D:3      | Found a shimmering blue altar of Sif Muna.
  3232 | D:3      | Reached XP level 5. HP: 37/37 MP: 10/10
  3604 | D:3      | Became a worshipper of Sif Muna the Loreminder
  3785 | D:4      | Noticed an ogre
  4598 | D:4      | Gained mutation: You have very sharp fingernails. [demonic
                  | ancestry]
  4598 | D:4      | Reached XP level 6. HP: 38/45 MP: 7/11
  4866 | D:5      | Entered Level 5 of the Dungeon
  4870 | D:5      | Slain by a worker ant

Levels and vault maps discovered:
D:1:      scummos_arrival_simple_crosswalls, layout_rooms
D:2:      layout_loops_ring, moated_statue, uniq_sigmund
D:3:      wad_woods_tower, layout_basic, lemuel_blue_sif_altar, first_ration
D:4:      layout_basic, temple_statues, serial_park_tiny_2
D:5:      layout_basic, uniq_pikel

Skill      XL: |  1  2  3  4  5  6 |
---------------+-------------------+-----
Conjurations   | 2 |  2.3
Dodging        | 2 3 |  3.2
Fighting       | 1 2 |  2.8
Armour         | 1 2 |  2.3
Short Blades   | 1 2 |  2.3
Stealth        | |  1.7
Spellcasting   | |  3.6
Summonings     | |  1.0
Translocations | |  0.8

Action                   |  1- 3 |  4- 6 || total
-------------------------+-------+-------++-------
Melee: Unarmed           |     4 |       ||     4
       Short sword       |    44 |       ||    44
       Rapier            |    43 |    96 ||   139
       Kick              |     3 |     5 ||     8
Throw: Dart              |       |     4 ||     4
 Cast: Magic Dart        |    33 |    42 ||    75
  Use: Potion            |     2 |     2 ||     4
       Scroll            |       |     7 ||     7
 Stab: Sleeping          |     1 |       ||     1
  Eat: Chunk             |     5 |     7 ||    12
Armor: Robe              |    11 |       ||    11
       Ring mail         |    10 |    35 ||    45
       Leather armour    |    10 |       ||    10
Dodge: Dodged            |    52 |    53 ||   105

Table legend:
 A = Non-vault XP
 B = Vault XP
 C = Vault XP percentage of total XP
 D = Non-vault monster count
 E = Vault monster count
 F = Vault count percentage of total count
                 A         B        C        D         E       F
            +---------+---------+-------+---------+---------+-------
      Total |     548 |      36 |   6.2 |      75 |       6 |   7.4
            +---------+---------+-------+---------+---------+-------
        D:1 |      36 |       0 |   0.0 |      24 |       0 |   0.0
        D:2 |      49 |       0 |   0.0 |      12 |       0 |   0.0
        D:3 |      82 |      36 |  30.5 |      21 |       6 |  22.2
        D:4 |     381 |       0 |   0.0 |      18 |       0 |   0.0
            +---------+---------+-------+---------+---------+-------
